AoeStats
← KDA HDT

Black Forest

507664841Analyzed
4v4 RM · 14d ago on Sep 19, 2026· 47m 0s· 8 players
Game mode
Random Map
Map size
Large (8 player)
Population
200
Speed
Normal
Resources
Standard
Victory
Conquest
Starting age
Dark Age
Ending age
Imperial Age
RankedLock teamsTeams togetherTeam positionsShared explorationLock speedFull tech treeHidden civsTurbo modeCheats
Victory
Defeat
🇨🇳 Turks · China
1799
+9
🇻🇳 Persians · Vietnam
1776
+10
🇨🇳 Bohemians · China
1772
+10
🇨🇳 Khitans · China
1635
+15
🇩🇪 Lithuanians · Germany
1701
-14
🇭🇰 Mongols · Hong Kong SAR China
1633
-11
🇦🇷 Koreans · Argentina
1597
-10
🇮🇳 Byzantines · India
1575
-9
KDA HDT
10:31 Feudal Age
14:53 Castle Age
13:18 Double-Bit Axe
15:16 Horse Collar
21:09 Town Watch
21:53 Bow Saw
22:31 Scale Barding Armor
26:59 Wheelbarrow
28:25 Chain Barding Armor
29:33 Gold Mining
32:37 Imperial Age
30:04 Loom
31:10 Bloodlines
31:01 Husbandry
32:16 Cavalier
33:58 Chemistry
34:00 Plate Barding Armor
33:36 Forging
34:30 Two-Man Saw
33:07 Capped Ram
34:53 Gold Shaft Mining
37:13 Caravan
37:33 Savar
40:37 Iron Casting
41:08 Conscription
40:37 Siege Ram
44:08 Blast Furnace
43:52 Fletching
44:23 Ballistics
46:39 Hand Cart
46:25 Town Patrol
46:40 Heavy Plow
I'm AOE2 Noob
10:52 Feudal Age
14:26 Castle Age
12:43 Double-Bit Axe
13:39 Domestication
19:53 Bow Saw
20:54 Wheelbarrow
20:47 Pastoralism
22:42 Gold Mining
25:17 Stone Mining
28:37 Imperial Age
27:10 Husbandry
27:53 Forging
29:36 Stone Shaft Mining
28:51 Heavy Rocket Cart
30:43 Iron Casting
30:08 Scale Mail Armor
30:13 Scale Barding Armor
30:52 Elite Steppe Lancer
32:44 Conscription
31:56 Capped Ram
32:20 Light Cavalry
33:29 Scale Barding Armor
33:39 Chain Mail Armor
33:51 Ballistics
34:40 Chain Barding Armor
34:11 Fletching
34:51 Plate Mail Armor
34:58 Siege Engineers
35:04 Masonry
34:56 Siege Ram
36:06 Lamellar Armor
37:34 Plate Barding Armor
36:54 Bodkin Arrow
36:58 Elite Liao Dao
39:57 Chemistry
39:18 Hand Cart
40:19 Ordo Cavalry
43:58 Hussar
45:47 Town Watch
46:00 Loom
< blank >
0:43 Loom
14:50 Feudal Age
21:49 Castle Age
20:37 Fishing Lines
20:54 Double-Bit Axe
21:20 Horse Collar
23:56 Wheelbarrow
25:16 Gillnets
27:51 Bow Saw
32:55 Imperial Age
31:15 Hand Cart
31:04 Fletching
31:11 Gold Mining
31:26 Stone Mining
32:03 Ballistics
32:08 Bodkin Arrow
32:13 Padded Archer Armor
33:49 Leather Archer Armor
33:53 Bracer
35:06 Two-Man Saw
34:35 Heavy Cavalry Archer
36:09 Thumb Ring
37:13 Gold Shaft Mining
37:00 Leather Archer Armor
37:20 Husbandry
38:55 Artillery
39:17 Heavy Plow
39:38 Caravan
40:45 Ring Archer Armor
40:58 Sipahi
40:52 Bloodlines
41:38 Parthian Tactics
42:17 Treadmill Crane
慕华花繁
0:39 Loom
19:46 Feudal Age
20:39 Double-Bit Axe
25:41 Castle Age
23:41 Fishing Lines
26:50 Bow Saw
27:57 Wheelbarrow
27:35 Gillnets
32:32 Hand Cart
32:02 Town Watch
35:46 Imperial Age
36:07 Fletching
37:35 Chemistry
36:57 Bodkin Arrow
37:53 Bracer
38:16 Ballistics
38:33 Padded Archer Armor
37:56 Elite Skirmisher
39:20 Conscription
39:53 Leather Archer Armor
41:06 Ring Archer Armor
44:18 Scale Mail Armor
44:28 Forging
45:10 Masonry
44:40 Treadmill Crane
45:17 Chain Mail Armor
44:23 Pikeman
46:24 Halberdier
47:05 Squires
47:38 Plate Mail Armor
[GER] Paeco
1:39 Loom
18:51 Feudal Age
23:18 Castle Age
21:36 Double-Bit Axe
21:56 Horse Collar
24:22 Bow Saw
24:13 Heavy Plow
24:52 Stone Mining
24:46 Fishing Lines
26:12 Wheelbarrow
26:19 Fortified Wall
29:54 Hand Cart
36:56 Imperial Age
35:34 Stone Shaft Mining
34:50 Gold Mining
36:02 Scale Mail Armor
36:13 Forging
35:59 Pikeman
36:42 Squires
37:03 Halberdier
38:14 Conscription
38:16 Chain Mail Armor
39:58 Chemistry
40:07 Arson
40:59 Iron Casting
41:02 Tower Shields
43:25 Two-Man Saw
44:02 Scale Barding Armor
44:15 Elite Leitis
44:27 Elite Skirmisher
45:12 Thumb Ring
45:10 Padded Archer Armor
46:22 Chain Barding Armor
46:13 Bloodlines
46:04 Husbandry
生生不息
10:48 Feudal Age
11:42 Loom
14:47 Castle Age
13:05 Double-Bit Axe
13:13 Horse Collar
15:42 Bow Saw
19:31 Wheelbarrow
22:37 Heavy Plow
23:13 Fishing Lines
24:23 Gillnets
28:51 Imperial Age
26:26 Stone Mining
26:44 Fletching
27:26 Bodkin Arrow
28:02 Ballistics
27:34 Gold Mining
28:48 Bloodlines
28:39 Padded Archer Armor
29:47 Leather Archer Armor
29:47 Caravan
30:18 Elite Mangudai
31:19 Conscription
30:31 Capped Ram
32:20 Drill
32:29 Hand Cart
31:50 Siege Ram
33:07 Bracer
33:38 Parthian Tactics
34:23 Chemistry
34:07 Husbandry
34:13 Thumb Ring
39:01 Light Cavalry
39:22 Onager
40:28 Scale Barding Armor
45:00 Chain Barding Armor
44:39 Hussar
46:14 Forging
Issue
7:37 Loom
10:10 Feudal Age
10:13 Man-at-Arms
11:14 Horse Collar
21:14 Castle Age
19:43 Fletching
20:01 Gold Mining
21:18 Pikeman
21:56 Double-Bit Axe
23:13 Forging
24:07 Redemption
25:10 Sanctity
25:06 Squires
32:48 Imperial Age
30:54 Wheelbarrow
30:40 Bow Saw
34:24 Block Printing
34:19 Scale Mail Armor
34:54 Iron Casting
34:11 Halberdier
35:09 Caravan
39:27 Chain Mail Armor
倒挂着的树枝
0:57 Loom
16:05 Feudal Age
20:38 Double-Bit Axe
28:16 Castle Age
29:53 Fletching
31:02 Bow Saw
35:06 Eupseong
35:13 Bodkin Arrow
39:45 Ballistics
40:40 Wheelbarrow
40:40 Fortified Wall
Connection lost

Rejoining the realm…

Still unreachable

The connection could not be restored.

Session expired

The server has moved on; the page needs a fresh start.